 Dungeon Crawl Stone Soup version 0.28.0-53-g5a82cb258f (webtiles) character file.

Game seed: 5195870882399523725

755 MisterFreud the Covert (level 7, -5/60 HPs)
             Began as a Gnoll Delver on June 6, 2022.
             Was an Initiate of Yredelemnul.
             Slain by a gnoll sergeant
             ... wielding a +0 spear
              (9 damage)
             ... on level 5 of the Dungeon.
             The game lasted 00:05:53 (5229 turns).

MisterFreud the Covert (Gnoll Delver)               Turns: 5229, Time: 00:05:54

Health: -5/60      AC:  9    Str: 11    XL:     7   Next: 79%
Magic:  11/11      EV: 13    Int: 12    God:    Yredelemnul [......]
Gold:   243        SH:  0    Dex: 13    Spells: 11/11 levels left

rFire   . . .      SeeInvis .   b - +5 scythe
rCold   + . .      Faith    .   (shield currently unavailable)
rNeg    . . .      Spirit   .   j - +0 leather armour
rPois   .          Reflect  .   (no helmet)
rElec   .          Harm     .   t - +0 cloak
rCorr   .          Rampage  .   (no gloves)
Will    .....                   E - +0 pair of boots
Stlth   ++++......              (no amulet)
HPRegen 0.20/turn               v - +4 ring of protection
MPRegen 0.12/turn               u - ring of protection from cold

@: no status effects
A: fangs 1, strong nose, distributed training
a: Renounce Religion, Recall Undead Harvest


You were on level 5 of the Dungeon.
You worshipped Yredelemnul.
Yredelemnul was noncommittal.
You visited 1 branch of the dungeon, and saw 6 of its levels.
You also visited: Ossuary.

You collected 243 gold pieces.

Inventory:

Hand Weapons
 a - a +0 short sword
 b - a +5 scythe (weapon)
 y - a +0 hunting sling of freezing
 z - a +1 mace of holy wrath
Missiles
 h - 2 poisoned darts (quivered)
 B - 6 boomerangs
 G - 4 curare-tipped darts
Armour
 j - a +0 leather armour (worn)
 t - a +0 cloak (worn)
 E - a +0 pair of boots (worn)
Jewellery
 u - a ring of protection from cold (right hand)
 v - a +4 ring of protection (left hand)
 x - a +6 ring of intelligence
Wands
 g - a wand of digging (3)
 D - a wand of paralysis (4)
Scrolls
 c - 4 scrolls of fog
 d - a scroll of noise {unknown}
 e - a scroll of fear
 i - 6 scrolls of identify {unknown}
 m - 3 scrolls of enchant weapon {unknown}
 o - a scroll of torment {unknown}
 p - 3 scrolls of enchant armour {unknown}
 A - 4 scrolls of teleportation {unknown}
Potions
 f - a potion of haste
 k - a potion of magic {unknown}
 l - 2 potions of mutation {unknown}
 n - 3 potions of might {unknown}
 q - a potion of degeneration {unknown}
 r - 4 potions of curing
 s - a potion of flight {unknown}
 w - a potion of heal wounds {unknown}
 C - a potion of invisibility {unknown}
 F - 3 potions of ambrosia {unknown}


   Skills:
 + Level 7.1 Fighting
 + Level 5.3 Short Blades
 + Level 2.7 Long Blades
 + Level 2.7 Axes
 + Level 2.7 Maces & Flails
 + Level 2.7 Polearms
 + Level 2.7 Staves
 + Level 2.7 Slings
 + Level 2.7 Bows
 + Level 2.7 Crossbows
 + Level 2.7 Throwing
 + Level 2.7 Armour
 + Level 5.3 Dodging
 + Level 10.0 Stealth
 + Level 2.7 Shields
 + Level 2.7 Unarmed Combat
 + Level 2.7 Spellcasting
 + Level 2.2 Conjurations
 + Level 2.2 Hexes
 + Level 2.2 Summonings
 + Level 2.2 Necromancy
 + Level 2.2 Translocations
 + Level 2.2 Transmutations
 + Level 2.2 Fire Magic
 + Level 2.2 Ice Magic
 + Level 2.2 Air Magic
 + Level 2.2 Earth Magic
 + Level 2.2 Poison Magic
 + Level 3.0 Invocations
 + Level 2.7 Evocations


You had 11 spell levels left.
You didn't know any spells.
Your spell library contained the following spells:

 Spells                   Type           Power      Damage    Failure   Level
 Animate Skeleton         Necr           12%        N/A       13%         1
 Apportation              Tloc           12%        N/A       13%         1
 Foxfire                  Conj/Fire      24%        2x1d5     13%         1
 Summon Small Mammal      Summ           24%        N/A       13%         1
 Ensorcelled Hibernation  Hex/Ice        12%        N/A       21%         2
 Passwall                 Tmut/Erth      5%         N/A       21%         2
 Conjure Flame            Conj/Fire      6%         6-21      36%         3
 Inner Flame              Hex/Fire       6%         N/A       36%         3
 Swiftness                Air            6%         N/A       36%         3
 Cause Fear               Hex            3%         N/A       78%         4
 Flame Wave               Conj/Fire      6%         2d5       78%         4
 Discord                  Hex            3%         N/A       100%        8


Dungeon Overview and Level Annotations

Branches:
Dungeon (6/15)            Ossuary (visited)
 Temple: D:4-7

Altars:
Yredelemnul

Shops:
D:1 (

Annotations:
D:3 2 runed translucent doors
D:4 3 runed translucent doors, diceflayer's ghost, amateur MiFi
D:5 1 runed translucent door, MisterFreud's ghost, weakling GnDe


Innate Abilities, Weirdness & Mutations

You have very sharp teeth.
Your uncanny sense of smell can sniff out nearby items.
Your experience applies equally to all skills.


Message History

The gnoll sergeant hits you but does no damage.
You closely miss the gnoll sergeant.
The gnoll sergeant is moderately wounded.
The gnoll barely misses you.
The gnoll sergeant hits you with a +0 spear.
The gnoll hits you but does no damage.
You barely miss the gnoll sergeant.
The gnoll sergeant is moderately wounded.
The gnoll sergeant hits you but does no damage.
The gnoll barely misses you. The gnoll sergeant barely misses you.
You closely miss the gnoll sergeant.
The gnoll sergeant is moderately wounded.
The gnoll misses you.
The gnoll sergeant hits you with a +0 spear.
The gnoll hits you but does no damage.
The gnoll sergeant hits you with a +0 spear.
You slash the gnoll sergeant! Your bite misses the gnoll sergeant.
The gnoll sergeant is almost dead.
The gnoll hits you from afar with a +0 halberd.
The gnoll sergeant misses you. The gnoll closely misses you.
The gnoll sergeant hits you with a +0 spear.
* * * LOW HITPOINT WARNING * * *
The gnoll sergeant blocks your attack.
The gnoll sergeant is almost dead.
The gnoll barely misses you.
The gnoll sergeant hits you with a +0 spear!
* * * LOW HITPOINT WARNING * * *
The gnoll hits you from afar with a +0 halberd!
* * * LOW HITPOINT WARNING * * *
The gnoll sergeant hits you but does no damage.
Unknown command.
It was a potion of curing.
You feel better. The gnoll closely misses you.
The gnoll sergeant hits you with a +0 spear!
* * * LOW HITPOINT WARNING * * *
You feel better. The gnoll barely misses you.
The gnoll sergeant hits you with a +0 spear.
* * * LOW HITPOINT WARNING * * *
The gnoll sergeant hits you from afar with a +0 spear!
You die...
Your body rises from the dead as a mindless zombie.

#.# ##.## #.# # #.#
#####...####.# # #####.#######
#............#
#...........####.###)..###..#####
#................# ##.##.$....).#
#...#.#####.###### #.##.#..###.#
..)##.# #.# #.##.#..###.# ##.##.#
#.#########.##.#....... #.##.#
#..<..@.gg.#...#.####.) ##.##.#
###########.####.# ##. ......#
#.## #.# #. ##.######## #..# #..
.. #........# ##.# #. ########.##
#.# #. #.....# #.# #.
######.##..# #.# #.
...........###########.#########.


You could see a gnoll sergeant and a gnoll.

Vanquished Creatures
  2 ogres (D:5)
  A centaur (D:4)
  A kobold brigand (D:6)
  A scorpion (D:5)
  A water moccasin zombie (Ossuary)
  A howler monkey (D:5)
  An orc priest (D:4)
  An iguana (D:5)
  2 mummies (Ossuary)
  3 gnolls (D:5)
  A howler monkey zombie (D:6)
  An adder (D:4)
  10 adder zombies (Ossuary)
  5 dart slugs
  6 orcs
  6 ball pythons
  6 bats
  2 endoplasms (D:2)
  2 giant cockroaches
  3 gnoll zombies (Ossuary)
  5 goblins
  7 hobgoblins
  2 jackals (D:3)
  2 quokkas
  5 frilled lizards
  A hobgoblin zombie (Ossuary)
  5 kobolds
  10 kobold zombies (Ossuary)
  7 orc zombies (Ossuary)
  6 rats
106 creatures vanquished.

Vanquished Creatures (collateral kills)
  An orc priest (D:4)
  A giant cockroach (D:4)
2 creatures vanquished.

Vanquished Creatures (others)
  A centaur zombie (D:4)
  An ogre zombie (D:5)
  A howler monkey zombie (D:5)
  A gnoll zombie (D:5)
  An orc zombie (D:4)
5 creatures vanquished.

Grand Total: 113 creatures vanquished

Notes
Turn   | Place    | Note
-------+----------+-------------------------------------------
     0 | D:5      | Reached skill level 9 in Stealth
     0 | D:5      | MisterFreud the Gnoll Delver began the quest for the Orb.
     0 | D:5      | Reached XP level 1. HP: 23/23 MP: 1/1
     1 | D:6      | Noticed a kobold brigand
     2 | D:6      | Killed a kobold brigand
     3 | D:6      | Reached skill level 1 in Long Blades
     3 | D:6      | Reached skill level 1 in Axes
     3 | D:6      | Reached skill level 1 in Maces & Flails
     3 | D:6      | Reached skill level 1 in Polearms
     3 | D:6      | Reached skill level 1 in Staves
     3 | D:6      | Reached skill level 1 in Slings
     3 | D:6      | Reached skill level 1 in Bows
     3 | D:6      | Reached skill level 1 in Crossbows
     3 | D:6      | Reached skill level 1 in Throwing
     3 | D:6      | Reached skill level 1 in Armour
     3 | D:6      | Reached skill level 1 in Shields
     3 | D:6      | Reached skill level 1 in Unarmed Combat
     3 | D:6      | Reached skill level 1 in Spellcasting
     3 | D:6      | Reached skill level 1 in Invocations
     3 | D:6      | Reached skill level 1 in Evocations
     3 | D:6      | Reached XP level 2. HP: 29/29 MP: 1/3
     3 | D:6      | Reached XP level 3. HP: 35/35 MP: 1/4
     3 | D:6      | Reached XP level 4. HP: 41/41 MP: 1/5
   200 | D:5      | Noticed an ogre
   207 | D:5      | Killed an ogre
   208 | D:5      | Reached skill level 1 in Conjurations
   208 | D:5      | Reached skill level 1 in Hexes
   208 | D:5      | Reached skill level 1 in Summonings
   208 | D:5      | Reached skill level 1 in Necromancy
   208 | D:5      | Reached skill level 1 in Translocations
   208 | D:5      | Reached skill level 1 in Transmutations
   208 | D:5      | Reached skill level 1 in Fire Magic
   208 | D:5      | Reached skill level 1 in Ice Magic
   208 | D:5      | Reached skill level 1 in Air Magic
   208 | D:5      | Reached skill level 1 in Earth Magic
   208 | D:5      | Reached skill level 1 in Poison Magic
   208 | D:5      | Reached XP level 5. HP: 47/47 MP: 5/7
   286 | D:5      | Found a runed translucent door.
   296 | D:5      | Noticed MisterFreud's ghost (weakling GnDe)
   413 | D:6      | Noticed a water moccasin
   521 | D:4      | Found a sand-covered staircase.
   528 | Ossuary  | Entered an ossuary
   550 | Ossuary  | Reached XP level 6. HP: 53/53 MP: 8/8
   648 | Ossuary  | Reached skill level 5 in Short Blades
   648 | Ossuary  | Reached skill level 5 in Dodging
  1994 | D:1      | Found Fopt's Antique Weapon Emporium.
  2968 | D:3      | Found a large runed translucent door.
  2968 | D:3      | Found a large runed translucent door.
  3279 | D:3      | Found a faded altar of an unknown god.
  3287 | D:3      | Prayed at the altar of an unknown god.
  3287 | D:3      | Became a worshipper of Yredelemnul the Dark
  3287 | D:3      | Reached * piety under Yredelemnul
  3676 | D:4      | Noticed diceflayer's ghost (amateur MiFi)
  3676 | D:4      | Noticed an ice beast
  3703 | D:4      | Reached XP level 7. HP: 23/59 MP: 10/10
  3956 | D:4      | HP: 3/60 [orc priest/divine providence (13)]
  4539 | D:4      | Found a runed translucent gate.
  4539 | D:4      | Found a runed translucent gate.
  4539 | D:4      | Found a runed translucent gate.
  4972 | D:5      | Reached skill level 10 in Stealth
  5226 | D:5      | HP: 2/60 [gnoll/+0 halberd (9)]
  5229 | D:5      | Slain by a gnoll sergeant

Illustrated notes

Levels and vault maps discovered:
D:1:      dpeg_arrival_ternary, layout_rooms, serial_shops, nicolae_shop_trees
D:2:      layout_basic, st_stairs_13
D:3:      layout_basic, jmf_multi_god_temple2, ebering_ecumenical_altar_box,
          minmay_distorted
D:4:      layout_loops_ring, chequers_ossuary_entry_cave, gammafunk_ghost_icy
D:5:      layout_loops_ring, ebering_ghost_sewer_d
D:6:      minmay_flawed_box, layout_rooms, mainiacjoe_overflow_catwalk_spiral,
          minmay_temple_entry_drinking_statues, hellmonk_ghost_happy_afterlife,
          corexii_leaking_fountain, grunt_ministairs_4

Skill      XL: |  1  2  3  4  5  6  7 |
---------------+----------------------+-----
Stealth        | 10 | 10.0
Long Blades    | 1 2 |  2.7
Axes           | 1 2 |  2.7
Maces & Flails | 1 2 |  2.7
Polearms       | 1 2 |  2.7
Staves         | 1 2 |  2.7
Slings         | 1 2 |  2.7
Bows           | 1 2 |  2.7
Crossbows      | 1 2 |  2.7
Throwing       | 1 2 |  2.7
Armour         | 1 2 |  2.7
Shields        | 1 2 |  2.7
Unarmed Combat | 1 2 |  2.7
Spellcasting   | 1 2 |  2.7
Invocations    | 1 2 3 |  3.0
Evocations     | 1 2 |  2.7
Conjurations   | 1 2 |  2.2
Hexes          | 1 2 |  2.2
Summonings     | 1 2 |  2.2
Necromancy     | 1 2 |  2.2
Translocations | 1 2 |  2.2
Transmutations | 1 2 |  2.2
Fire Magic     | 1 2 |  2.2
Ice Magic      | 1 2 |  2.2
Air Magic      | 1 2 |  2.2
Earth Magic    | 1 2 |  2.2
Poison Magic   | 1 2 |  2.2
Short Blades   | 5 |  5.3
Dodging        | 5 |  5.3
Fighting       | 7 |  7.1

Action                   |  1- 3 |  4- 6 |  7- 9 || total
-------------------------+-------+-------+-------++-------
Melee: Short sword       |     1 |    26 |       ||    27
       Bite              |       |    13 |     4 ||    17
       Scythe            |       |   167 |    47 ||   214
  Use: Scroll            |       |     1 |       ||     1
       Potion            |       |       |     2 ||     2
 Stab: Sleeping          |     1 |    38 |     4 ||    43
Armor: Leather armour    |       |    40 |    19 ||    59
Dodge: Dodged            |       |   129 |    52 ||   181
